AoeStats
← kpsu8366

Hideout

503333536Analyzed
4v4 RM · 1mo ago on Aug 31, 2026· 25m 24s· 8 players
Game mode
Random Map
Map size
Large (8 player)
Population
200
Speed
Normal
Resources
Standard
Victory
Conquest
Starting age
Dark Age
Ending age
Imperial Age
RankedLock teamsTeams togetherTeam positionsShared explorationLock speedFull tech treeHidden civsTurbo modeCheats
Victory
Defeat
🇲🇽 Saracens · Mexico
1122
+12
🇬🇧 Malay · United Kingdom
984
+18
🇦🇺 Malay · Australia
927
+20
🇨🇱 Franks · Chile
914
+38
🇫🇷 Khmer · France
1047
-19
🇨🇳 Cumans · China
1036
-18
🇨🇳 Portuguese · China
1017
-17
🇲🇽 Italians · Mexico
1011
-17
MAJEZTAD EZKANOR
11:54 Feudal Age
13:13 Wheelbarrow
12:25 Double-Bit Axe
12:23 Horse Collar
18:18 Castle Age
16:53 Stone Mining
17:01 Gold Mining
19:35 Hand Cart
19:25 Heavy Plow
19:42 Bow Saw
senninha
8:20 Loom
10:31 Feudal Age
13:22 Castle Age
11:29 Double-Bit Axe
12:43 Gold Mining
16:20 Sanctity
16:25 Sanctity
23:42 Wheelbarrow
22:55 Town Watch
23:47 Wheelbarrow
_Lt_清华老舅
8:54 Feudal Age
9:44 Double-Bit Axe
10:28 Horse Collar
18:31 Wheelbarrow
20:13 Castle Age
18:20 Gold Mining
21:14 Bow Saw
21:06 Heavy Plow
21:28 Hand Cart
24:37 Stone Mining
kpsu8366
11:33 Feudal Age
15:39 Castle Age
13:32 Horse Collar
14:09 Double-Bit Axe
14:22 Loom
17:29 Bow Saw
17:20 Heavy Plow
24:08 Scale Mail Armor
23:57 Pikeman
OM | SOMBRASV1
3:30 Loom
6:08 Loom
11:03 Feudal Age
13:00 Double-Bit Axe
15:43 Castle Age
13:34 Horse Collar
15:33 Stone Mining
15:36 Gold Mining
20:10 Wheelbarrow
22:16 Heavy Plow
25:47 Bow Saw
Titario
11:43 Feudal Age
13:12 Wheelbarrow
12:24 Double-Bit Axe
17:22 Castle Age
18:57 Forging
18:54 Scale Barding Armor
Angry Womble
11:31 Feudal Age
15:44 Castle Age
15:37 Stone Mining
17:02 Horse Collar
bangoboom
12:00 Feudal Age
12:04 Double-Bit Axe
12:01 Horse Collar
18:54 Castle Age
17:31 Stone Mining
20:22 Heavy Plow
20:44 Bow Saw
Connection lost

Rejoining the realm…

Still unreachable

The connection could not be restored.

Session expired

The server has moved on; the page needs a fresh start.